 Dungeon Crawl Stone Soup version 0.30-a0-840-ga523dec638 (webtiles) character file.

Game seed: 13645525239782125262

193 cforsyth the Sneak (level 6, -10/36 (37) HPs)
             Began as a Kobold Brigand on Mar 2, 2023.
             Was an Initiate of Hepliaklqana.
             Mangled by Menkaure (19 damage)
             ... on level 4 of the Dungeon.
             The game lasted 00:04:12 (3375 turns).

cforsyth the Sneak (Kobold Brigand)                 Turns: 3375, Time: 00:04:12

HP:   -10/36 (37)   AC:  5    Str:  9    XL:     6   Next: 3%
MP:   6/6           EV: 15    Int: 12    God:    Hepliaklqana [......]
Gold: 132           SH:  0    Dex: 18    Spells: 5/5 levels left

rFire   . . .      SeeInvis .    a - +3 dagger
rCold   . . .      Faith    .    (no shield)
rNeg    . . .      Spirit   .    b - +0 robe
rPois   .          Reflect  .    (no helmet)
rElec   .          Harm     .    c - +0 cloak
rCorr   .          Rampage  .    m - +0 pair of gloves
Will    .....                    f - +0 pair of boots
Stlth   ++++                     (no amulet)
HPRegen 0.26/turn                (no ring)
MPRegen 0.10/turn                (no ring)

@: lightly drained
A: small, no large weapons, nightstalker 3
a: Renounce Religion


You were on level 4 of the Dungeon.
You worshipped Hepliaklqana.
Hepliaklqana was noncommittal.
You visited 2 branches of the dungeon, and saw 5 of its levels.

You collected 132 gold pieces.

Inventory:

Hand Weapons
 a - a +3 dagger (weapon)
Missiles
 d - 9 poisoned darts (quivered)
 e - 3 curare-tipped darts
Armour
 b - a +0 robe (worn)
 c - a +0 cloak (worn)
 f - a +0 pair of boots (worn)
 m - a +0 pair of gloves (worn)
Jewellery
 j - a ring of resist corrosion
 k - a ring of see invisible
Wands
 u - a wand of paralysis (14)
Scrolls
 h - 3 scrolls of fog
 i - a scroll of magic mapping {unknown}
 l - 3 scrolls of teleportation {unknown}
 n - 2 scrolls of enchant weapon
 o - 4 scrolls of identify
 q - a scroll of torment {unknown}
 s - a scroll of butterflies {unknown}
Potions
 g - a potion of ambrosia
 p - a potion of curing
 r - a potion of berserk rage
 t - a potion of heal wounds


   Skills:
 + Level 3.3 Fighting
 + Level 4.1 Short Blades
 + Level 3.4 Throwing
 + Level 3.0 Dodging
 + Level 6.3 Stealth


You had 5 spell levels left.
You didn't know any spells.
Your spell library contained the following spells:

 Spells                   Type           Power      Damage    Failure   Level
 Ozocubu's Armour         Ice            0%         N/A       69%         3
 Metabolic Englaciation   Hex/Ice        0%         N/A       100%        5
 Simulacrum               Ice/Necr       0%         N/A       100%        6


Dungeon Overview and Level Annotations

Branches:
Dungeon (4/15)             Temple (1/1) D:4

Altars:
Cheibriados
Elyvilon
Hepliaklqana
Kikubaaqudgha
Makhleb
Ru
Sif Muna
Trog
Vehumet
Wu Jian
Xom
Yredelemnul

Shops:
D:2 [   D:3 *

Annotations:
D:4 Menkaure


Innate Abilities, Weirdness & Mutations

You are small and have problems with some larger weapons.
You are completely attuned to the shadows.


Message History

You spit the kobold like a pig!!!
You kill the kobold!
No target in view!
No target in view!
Things that are here:
a +0 short sword; a kobold corpse Menkaure, Prince of Dust comes into view.
Menkaure shouts!
Menkaure mumbles some strange words.
Menkaure seems to speed up.
You hit Menkaure.
Menkaure is lightly damaged.
Menkaure calls on the powers of darkness!
Your body is wracked with pain!
You hit Menkaure but do no damage.
Menkaure is lightly damaged.
Menkaure hits you!
* * * LOW HITPOINT WARNING * * *
You are too injured to fight recklessly!
You are too injured to fight recklessly!
You hit Menkaure but do no damage.
Menkaure is lightly damaged.
Menkaure closely misses you.
You barely miss Menkaure.
Menkaure is lightly damaged.
Menkaure barely misses you.
You hit Menkaure but do no damage.
Menkaure is lightly damaged.
Menkaure barely misses you.
You hit Menkaure.
Menkaure is moderately damaged.
Menkaure barely misses you.
You completely miss Menkaure.
Menkaure is moderately damaged.
Menkaure misses you.
You hit Menkaure but do no damage.
Menkaure is moderately damaged.
Menkaure hits you!!
Ouch! That really hurt!
You die...

..............#.#
#####.........#.#
#####...#.###
#.....#.# #.##..#
#.##..# ####
#######.##..# ..#
............# #M#
################@###
...................#
####################


You could see Menkaure (fast).

Vanquished Creatures
  Jessica (D:2)
  Terence (D:2)
  3 gnolls
  3 adders
  A worm (D:2)
  3 dart slugs (D:1)
  An orc (D:4)
  9 endoplasms
  A giant cockroach (D:1)
  8 goblins
  5 hobgoblins
  7 jackals (D:2)
  3 quokkas
  7 ball pythons
  6 bats
  4 frilled lizards
  9 kobolds
  4 rats
76 creatures vanquished.

Notes
Turn   | Place    | Note
-------+----------+-------------------------------------------
     0 | D:1      | cforsyth the Kobold Brigand began the quest for the Orb.
     0 | D:1      | Reached XP level 1. HP: 12/12 MP: 1/1
   132 | D:1      | Reached XP level 2. HP: 18/18 MP: 2/2
   316 | D:1      | Reached XP level 3. HP: 22/22 MP: 3/3
   983 | D:2      | Found Ynal's Armour Boutique.
  1017 | D:2      | Found a faded altar of an unknown god.
  1034 | D:2      | Reached XP level 4. HP: 27/27 MP: 4/4
  1037 | D:2      | Noticed Terence
  1041 | D:2      | Killed Terence
  1178 | D:2      | Reached skill level 6 in Stealth
  1208 | D:2      | Noticed Jessica
  1216 | D:2      | Killed Jessica
  1217 | D:2      | Reached XP level 5. HP: 27/32 MP: 5/5
  1777 | D:3      | Found a shimmering altar of Xom.
  2044 | D:3      | Found a shimmering altar of Xom.
  2046 | D:3      | Found a shimmering altar of Xom.
  2275 | D:3      | Found Izyim's Assorted Antiques.
  2408 | D:4      | Found an ornate altar of the Wu Jian Council.
  2492 | D:4      | Found a staircase to the Ecumenical Temple.
  2915 | Temple   | Entered the Ecumenical Temple
  3022 | Temple   | Became a worshipper of Hepliaklqana the Forgotten
  3102 | D:4      | Reached XP level 6. HP: 36/36 MP: 6/6
  3366 | D:4      | Noticed Menkaure
  3375 | D:4      | Mangled by Menkaure

Illustrated notes

Levels and vault maps discovered:
D:1:      mrwooster_arrival_statue_2, layout_basic
D:2:      layout_rooms, ebering_ecumenical_altar_webs, serial_shops,
          nicolae_square_shop, kennysheep_jessica_study, uniq_terence
D:3:      layout_basic, xom_redecorated, serial_shops, shop
D:4:      layout_basic, nicolae_overflow_crystal_walls,
          minmay_temple_entry_mist, uniq_menkaure
Temple:   hellmonk_temple_flake

Skill      XL: |  1  2  3  4  5 |
---------------+----------------+-----
Short Blades   | 3 4 |  4.1
Dodging        | 2 3 |  3.0
Throwing       | 3 |  3.4
Fighting       | 3 |  3.3
Stealth        | 6 |  6.3

Action                     |  1- 3 |  4- 6 || total
---------------------------+-------+-------++-------
  Melee: Dagger            |    67 |   106 ||   173
         Punch             |     1 |       ||     1
    Use: Scroll            |       |     5 ||     5
   Stab: Sleeping          |    26 |    21 ||    47
         Distracted        |       |     1 ||     1
 Armour: Robe              |     4 |    26 ||    30
  Dodge: Dodged            |    21 |    73 ||    94

Table legend: (Time is in decaauts)
 A = Elapsed time spent in this place.
 B = Non-inter-level travel time spent in this place.
 C = Inter-level travel time spent in this place.
 D = Time resting spent in this place.
 E = Time spent auto-exploring this place.
 F = Levels seen in this place.
 G = Mean time per level.
                   A        B        C        D        E       F      G
               +--------+--------+--------+--------+--------+-----+--------+
         Total |   3349 |   3282 |     67 |    285 |   2452 |   5 |  669.8 |
       Dungeon |   3172 |   3115 |     57 |    285 |   2312 |   4 |  793.0 |
        Temple |    176 |    166 |     10 |      0 |    140 |   1 |  176.0 |
               +--------+--------+--------+--------+--------+-----+--------+

Top non-repeatable levels by time:
     D:3: 1134 daAuts
     D:1: 948 daAuts
     D:4: 550 daAuts
     D:2: 539 daAuts
  Temple: 176 daAuts
